 Dungeon Crawl Stone Soup version 0.19.1-1-g22dce08 (webtiles) character file.

17526 dvd the Tainter (level 12, -6/65 HPs)
             Began as an Octopode Venom Mage on Dec 30, 2016.
             Was an Elder of Vehumet.
             Hit by a large rock thrown by a stone giant (34 damage)
             ... in a volcano.
             The game lasted 01:19:48 (18425 turns).

dvd the Tainter (Octopode Venom Mage)              Turns: 18425, Time: 01:19:49

Health: -6/65      AC:  7    Str: 14    XL:     12   Next: 48%
Magic:  22/26      EV: 15    Int: 20    God:    Vehumet [****..]
Gold:   1154       SH:  8    Dex: 15    Spells: 8 memorised, 6 levels left

rFire  + . .     SeeInvis .     a - +5 dagger (freeze)
rCold  . . .     Gourm    .     A - +3 buckler
rNeg   + . .     Faith    .     (helmet restricted)
rPois  .         Spirit   .     H - amulet of regeneration
rElec  .         Reflect  .     m - ring of protection from fire
rCorr  +         Harm     .     s - ring of positive energy
MR     .....                    K - ring of stealth
Stlth  ++++++....               v - ring of resist corrosion
                                (no ring)
                                (no ring)
                                (no ring)
                                (no ring)

@: mighty, radiating poison, studying Fighting
A: almost no armour, stealthy swim, amphibious, 8 rings, constrict 8, icy blue
scales 1, iridescent scales 1, molten scales 1, camouflage 1, agile 1, frail 1,
gelatinous body 1, evolution 1
a: Renounce Religion


You were in a volcano.
You worshipped Vehumet.
Vehumet was greatly pleased with you.
You were not hungry.

You visited 4 branches of the dungeon, and saw 15 of its levels.
You also visited: Volcano.

You collected 1219 gold pieces.
You spent 65 gold pieces at shops.

Inventory:

Hand Weapons
 a - a +5 dagger of freezing (weapon)
 h - a +1 scimitar of flaming
 B - a +0 hand axe of draining
 O - a +3 scimitar of freezing
 P - a +1 flail of protection
Missiles
 f - 26 tomahawks (quivered)
 x - 7 silver javelins
Armour
 A - a +3 buckler (worn)
Jewellery
 m - a ring of protection from fire (left tentacle)
 s - a ring of positive energy (right tentacle)
 v - a ring of resist corrosion (on tentacle)
 H - an amulet of regeneration (around mantle)
 K - a ring of stealth (on tentacle)
Wands
 c - a wand of polymorph (21/24)
 g - a wand of flame (12/48)
 n - a wand of acid (6/15)
 r - a wand of random effects (1/48)
 w - a wand of iceblast (10/15)
 y - a wand of random effects (29/48)
 J - a wand of lightning (4/15)
Scrolls
 d - 4 scrolls of identify
 e - a scroll of magic mapping
 i - a scroll of amnesia
 k - 7 scrolls of remove curse
 l - 2 scrolls of teleportation
Potions
 j - a potion of lignification
 o - 2 potions of haste
 t - a potion of cancellation
 C - 8 potions of curing
 E - 2 potions of brilliance
 M - a potion of magic
Books
 q - a book of Misfortune

   Spells                             Type                      Level
   a - Confusing Touch                Hexes                        1
   b - Confuse                        Hexes                        3
   c - Gell's Gravitas                Hexes/Translocation          3
   d - Petrify                        Transmutation/Earth          4
   e - Metabolic Englaciation         Hexes/Ice                    5
   f - Yara's Violent Unravelling     Hexes/Transmutation          5
 z - a Young Poisoner's Handbook

   Spells                             Type                      Level
   a - Sting                          Conjuration/Poison           1
   b - Mephitic Cloud                 Conjuration/Poison/Air       3
   c - Olgreb's Toxic Radiance        Poison                       4
   d - Alistair's Intoxication        Transmutation/Poison         5
   e - Venom Bolt                     Conjuration/Poison           5
 D - a book of Maledictions

   Spells                             Type                      Level
   a - Corona                         Hexes                        1
   b - Ensorcelled Hibernation        Hexes/Ice                    2
   c - Confuse                        Hexes                        3
   d - Tukima's Dance                 Hexes                        3
   e - Dazzling Spray                 Conjuration/Hexes            3
 G - a manual of Fighting
 N - a book of Flames

   Spells                             Type                      Level
   a - Flame Tongue                   Conjuration/Fire             1
   b - Throw Flame                    Conjuration/Fire             2
   c - Conjure Flame                  Conjuration/Fire             3
   d - Inner Flame                    Hexes/Fire                   3
   e - Sticky Flame                   Conjuration/Fire             4
   f - Fireball                       Conjuration/Fire             5
Comestibles
 b - 13 bread rations
 F - 4 meat rations
 I - 5 beef jerkies
 L - 3 fruits


   Skills:
 * Level 3.6 Fighting
 + Level 5.1(5.2) Short Blades
 + Level 1.1(3.3) Long Blades
 + Level 4.3 Dodging
 + Level 8.9 Stealth
 * Level 4.3 Shields
 + Level 10.7 Spellcasting
 + Level 4.0 Conjurations
 + Level 6.8 Hexes
 + Level 1.8 Transmutations
 + Level 2.3 Fire Magic
 + Level 1.1 Ice Magic
 + Level 11.5 Poison Magic
 + Level 2.2 Evocations


You had 6 spell levels left.
You knew the following spells:

 Your Spells              Type           Power        Failure   Level  Hunger
a - Sting                 Conj/Pois      ####         1%          1    None
b - Olgreb's Toxic Radia  Pois           ######..     1%          4    ##.....
c - Dazzling Spray        Conj/Hex       ####..       1%          3    None
d - Confuse               Hex            #####...     1%          3    None
e - Tukima's Dance        Hex            #####...     1%          3    None
g - Ignite Poison         Fire/Tmut/Pois ####....     1%          3    None
h - Venom Bolt            Conj/Pois      #####.....   2%          5    ####...
i - Throw Icicle          Conj/Ice       ###.....     7%          4    ##.....


Dungeon Overview and Level Annotations

Branches:
Dungeon (11/15)            Temple (1/1) D:5            Lair (2/6) D:11
 Spider (0/4) Lair:2          Orc (1/2) D:10
  Swamp: Lair:2-4    Shoals: Lair:2-4

Altars:
Ashenzari
Cheibriados
Dithmenos
Elyvilon
Fedhas
Gozag
Hepliaklqana
Kikubaaqudgha
Makhleb
Nemelex Xobeh
Okawaru
Qazlal
Ru
Sif Muna
Trog
Uskayaw
Vehumet
Xom
Yredelemnul
Zin
The Shining One
Beogh

Shops:
D:4 !   Orc:1 (

Annotations:
D:7 sose's ghost, novice TrMo
D:8 Scuka's ghost, novice CeHu


Innate Abilities, Weirdness & Mutations

You cannot wear most types of armour.
You are very stealthy in the water. (Stealth+)
You are amphibious.
You can wear up to eight rings at the same time.
You can use your tentacles to constrict eight enemies at once.
Your skin changes colour to match your surroundings (Stealth+).
Your rubbery body absorbs attacks. (AC +1, EV +1)
You are partially covered in icy blue scales. (AC +2)
You are partially covered in iridescent scales. (AC +2)
You are partially covered in molten scales. (AC +2)
You are agile. (Dex +2)
You are frail. (-10% HP)
You evolve.


Message History

The earth elemental is moderately damaged.
The bolt of lightning hits the efreet.
You kill the efreet!
Vehumet accepts your kill.
You feel your power returning.
This wand has 4 charges left.
Unknown command.
You hit the earth elemental.
The earth elemental is moderately damaged.
The earth elemental closely misses you.
A gargoyle and a stone giant come into view.
Unknown command.
Casting: Dazzling Spray
Confirm with . or Enter, or press ? or * to list all spells.
You begin to radiate toxic energy.
The stone giant is poisoned.
The stone giant throws a large rock.
The large rock misses you.
Unknown command.
You open the door.
The stone giant looks even sicker.
The stone giant throws a large rock.
The large rock hits you!!
Ouch! That really hurt!
You die...

.....≈≈§≈≈≈§≈§§§§≈§......§≈§≈≈≈≈§
...≈≈≈§§≈§§≈§≈≈≈§≈≈≈§.≈≈≈≈≈§≈≈≈≈≈
≈≈≈≈≈≈≈§§§≈≈§≈§§≈§≈≈§≈≈§≈≈≈≈≈≈≈≈≈
≈≈≈≈≈§§≈≈≈≈≈≈≈≈§≈≈§§§§≈≈≈≈≈≈≈≈§§≈
≈≈≈≈≈≈≈≈.§§≈≈≈≈§§§§≈§§≈≈≈§≈§≈≈§≈≈
≈≈≈≈≈≈≈≈.§§.≈.≈≈§≈.§≈§≈.§≈≈≈≈≈≈≈≈
≈§≈§≈≈≈..§§........§§......≈§§≈§≈
§§≈≈≈...# ######'########.≈≈§§§§§
≈≈≈≈.≈..# #@# #..≈≈§≈§≈ ≈≈≈.≈≈..#
#.# #.≈≈≈≈≈≈§ ≈§§≈≈≈≈.# #.#
#..§§§≈≈≈ §§§≈≈≈..# #.# #.≈§≈≈≈≈≈
.≈≈≈≈≈≈.######.#C#.######..§§§≈≈≈
≈≈≈≈≈≈..#......#E#......#.≈≈≈≈≈≈≈
§§§≈≈≈≈.###++###9###++###..≈≈§≈≈§
≈§§§§≈..# #.....# #..≈≈≈≈≈≈
≈§≈≈≈§§.# #.8_8.# #.§≈§≈§§≈


You could see a stone giant, an earth elemental and a gargoyle.

Vanquished Creatures
  A hydra (D:11)
  Erica (D:8)
  2 hill giants
  An orc knight (Orc:1)
  Joseph (D:8)
  3 spiny frogs
  An efreet (Volcano)
  A komodo dragon (D:11)
  3 two-headed ogres
  4 trolls
  4 hippogriffs
  The ghost of Uberchile the Shield-Bearer, an amateur VSFi (D:4)
  A wyvern (D:11)
  2 wraiths
  A yak (D:10)
  A fire elemental (Volcano)
  A fire bat (Volcano)
  2 hungry ghosts
  A steam dragon (D:11)
  2 mottled dragons (D:11)
  4 wargs
  A soldier ant (D:9)
  2 water moccasins (Lair:1)
  2 floating eyes (D:10)
  3 porcupines (Lair:1)
  13 orc warriors
  5 sky beasts
  2 phantoms
  2 black bears
  6 ice beasts
  2 eyes of draining
  11 ogres
  2 centaurs (D:11)
  4 crocodiles
  2 big kobolds (D:8)
  A wyvern zombie (D:7)
  4 bullfrogs
  An earth elemental (Volcano)
  4 scorpions
  3 howler monkeys (D:7)
  3 wights (D:11)
  4 lava snakes (Volcano)
  9 crimson imps
  5 centaur zombies
  A hound (D:10)
  5 bullfrog zombies
  3 jellies
  14 orc priests
  A centaur skeleton (D:7)
  A gnoll shaman (D:7)
  Ijyb (D:3)
  5 iguanas
  19 orc wizards
  10 worker ants
  A hound zombie (D:10)
  A hound skeleton (D:7)
  A worker ant zombie (D:4)
  A howler monkey skeleton (D:7)
  12 adders
  8 gnolls
  3 shadow imps
  3 oozes
  An adder skeleton (D:5)
  3 worms
  2 dart slugs
  11 leopard geckos
  73 orcs
  11 bats
  6 giant cockroaches
  5 hobgoblins (D:1)
  4 jackals (D:5)
  16 kobolds
  5 quokkas
  5 ball pythons
  5 frilled lizards
  7 goblins
  A jackal zombie (D:7)
  3 rats
  A butterfly (D:3)
378 creatures vanquished.

Vanquished Creatures (collateral kills)
  An orc warrior (Orc:1)
  A centaur (D:10)
  An orc priest (D:11)
  An orc wizard (D:10)
  2 orcs
6 creatures vanquished.

Vanquished Creatures (others)
  A fire bat (Volcano)
  3 dancing weapons
4 creatures vanquished.

Grand Total: 388 creatures vanquished

Notes
Turn   | Place    | Note
-------+----------+-------------------------------------------
     0 | D:1      | dvd the Octopode Venom Mage began the quest for the Orb.
     0 | D:1      | Reached XP level 1. HP: 11/11 MP: 3/3
    97 | D:1      | Reached skill level 5 in Poison Magic
   259 | D:1      | Reached XP level 2. HP: 17/17 MP: 3/5
   917 | D:2      | Reached XP level 3. HP: 19/21 MP: 4/6
  1216 | D:2      | Reached skill level 1 in Conjurations
  1219 | D:2      | Found a basalt altar of Yredelemnul.
  1225 | D:2      | Reached XP level 4. HP: 13/27 MP: 1/7
  1436 | D:2      | Reached skill level 1 in Short Blades
  1919 | D:3      | Noticed Ijyb
  1931 | D:3      | Killed Ijyb
  2014 | D:3      | Learned a level 4 spell: Olgreb's Toxic Radiance
  2190 | D:3      | Reached XP level 5. HP: 25/31 MP: 4/8
  2857 | D:3      | Found a shimmering altar of Xom.
  2983 | D:4      | Found Paimamec's Distillery.
  3206 | D:4      | Learned a level 2 spell: Ensorcelled Hibernation
  3286 | D:4      | Reached skill level 6 in Poison Magic
  3335 | D:4      | Reached XP level 6. HP: 29/37 MP: 4/10
  3341 | D:4      | Learned a level 3 spell: Confuse
  3421 | D:4      | Noticed Uberchile's ghost (amateur VSFi)
  3463 | D:5      | Entered Level 5 of the Dungeon
  3525 | D:5      | Noticed a phantom
  3538 | D:5      | HP: 1/37 [orc priest/mace (7)]
  3847 | D:5      | Noticed an ice beast
  3921 | D:4      | Reached XP level 7. HP: 42/42 MP: 5/12
  3958 | D:4      | Gained mutation: You are partially covered in iridescent scales. (AC +2) [potion of mutation]
  3958 | D:4      | Gained mutation: You evolve. [potion of mutation]
  3958 | D:4      | Gained mutation: You are resistant to hostile enchantments. (MR+) [potion of mutation]
  4267 | D:6      | Reached skill level 1 in Fighting
  4267 | D:6      | Reached skill level 1 in Hexes
  4762 | D:6      | Gained mutation: You are agile. (Dex +2) [evolution]
  4813 | D:6      | Gained mutation: You are partially covered in icy blue scales. (AC +2) [potion of beneficial mutation]
  4867 | D:6      | Reached skill level 5 in Stealth
  4867 | D:6      | Reached skill level 7 in Poison Magic
  4943 | D:6      | Reached XP level 8. HP: 48/48 MP: 3/14
  4951 | D:6      | Learned a level 3 spell: Dazzling Spray
  4955 | D:6      | Learned a level 3 spell: Tukima's Dance
  5736 | D:5      | Found a staircase to the Ecumenical Temple.
  5882 | D:5      | Reached skill level 5 in Spellcasting
  6043 | D:5      | Found a white marble altar of Elyvilon.
  6103 | Temple   | Entered the Ecumenical Temple
  6109 | Temple   | Became a worshipper of Vehumet
  6465 | D:7      | Lost mutation: You are resistant to hostile enchantments. (MR+) [evolution]
  7105 | D:7      | Reached XP level 9. HP: 54/54 MP: 1/17
  7383 | D:7      | Noticed sose's ghost (novice TrMo)
  7385 | D:7      | Reached * piety under Vehumet
  7385 | D:7      | Offered knowledge of Magic Dart by Vehumet.
  7386 | D:7      | Reached skill level 8 in Poison Magic
  8459 | D:4      | Killed Uberchile's ghost
  9061 | D:8      | Offered knowledge of Flame Tongue by Vehumet.
  9064 | D:8      | Learned a level 1 spell: Flame Tongue
  9242 | D:8      | Noticed a two-headed ogre
  9255 | D:8      | Noticed Scuka's ghost (novice CeHu)
  9263 | D:8      | Killed a two-headed ogre
  9263 | D:8      | Reached skill level 9 in Poison Magic
  9263 | D:8      | Reached XP level 10. HP: 60/60 MP: 0/21
  9467 | D:8      | Noticed Erica
  9476 | D:8      | Killed Erica
  9476 | D:8      | Reached ** piety under Vehumet
 10087 | D:8      | Noticed Joseph
 10095 | D:8      | Killed Joseph
 10095 | D:8      | Offered knowledge of Ignite Poison by Vehumet.
 10095 | D:8      | Reached skill level 5 in Hexes
 10095 | D:8      | Reached skill level 1 in Evocations
 10133 | D:8      | Learned a level 3 spell: Ignite Poison
 10985 | D:10     | Entered Level 10 of the Dungeon
 11076 | D:10     | Found a staircase to the Orcish Mines.
 11272 | D:10     | Reached *** piety under Vehumet
 11340 | D:10     | Paralysed by a floating eye for 2 turns
 11348 | D:10     | Reached skill level 10 in Poison Magic
 11377 | D:10     | Learned a level 5 spell: Venom Bolt
 11460 | D:10     | Noticed a hill giant
 11485 | D:10     | Killed a hill giant
 11485 | D:10     | Reached skill level 1 in Shields
 11485 | D:10     | Reached XP level 11. HP: 59/65 MP: 3/24
 11748 | D:10     | Gained mutation: You are frail. (-10% HP) [evolution]
 12623 | D:11     | Offered knowledge of Throw Icicle by Vehumet.
 12818 | D:10     | Learned a level 4 spell: Throw Icicle
 13060 | D:11     | Noticed a four-headed hydra
 13397 | Orc:1    | Entered Level 1 of the Orcish Mines
 13397 | Orc:1    | Found Qif Vone's Weapon Shop.
 13408 | Orc:1    | Reached skill level 1 in Transmutations
 13516 | Orc:1    | Reached skill level 1 in Long Blades
 13566 | Orc:1    | Noticed an orc knight
 13572 | Orc:1    | Killed an orc knight
 13572 | Orc:1    | Reached skill level 1 in Fire Magic
 13789 | Orc:1    | Reached **** piety under Vehumet
 14008 | Orc:1    | Offered knowledge of Bolt of Draining by Vehumet.
 14018 | Orc:1    | Found a runed door.
 14332 | Orc:1    | Found a roughly hewn altar of Beogh.
 14404 | Orc:1    | Reached skill level 11 in Poison Magic
 14583 | D:11     | Reached skill level 10 in Spellcasting
 15116 | D:11     | Reached skill level 5 in Short Blades
 15145 | D:11     | Reached ***** piety under Vehumet
 15265 | D:11     | Offered knowledge of Iron Shot by Vehumet.
 15414 | D:11     | Noticed a hill giant
 15426 | D:11     | Killed a hill giant
 15426 | D:11     | Reached XP level 12. HP: 61/64 MP: 6/26
 15537 | D:11     | Found a roughly hewn altar of Beogh.
 15597 | D:11     | Found a staircase to the Lair.
 15608 | Lair:1   | Entered Level 1 of the Lair of Beasts
 16182 | D:4      | Bought a potion of heal wounds for 65 gold pieces
 16848 | D:11     | Killed a four-headed hydra
 17759 | Lair:2   | Found a dark tunnel.
 17768 | Volcano  | Entered a volcano
 17828 | Volcano  | Gained mutation: You are partially covered in molten scales. (AC +2) [evolution]
 17832 | Volcano  | Reached skill level 1 in Ice Magic
 18391 | Volcano  | Found a bloodstained altar of Trog.
 18420 | Volcano  | Noticed a stone giant
 18425 | Volcano  | Hit by a large rock thrown by a stone giant

Skill      XL: |  1  2  3  4  5  6  7  8  9 10 11 12 |
---------------+-------------------------------------+-----
Poison Magic   | 5 6 7 9 10 11 | 11.5
Stealth        | 3 4 5 6 8 |  8.9
Conjurations   | 1 2 3 4 |  4.0
Short Blades   | 1 2 3 4 5 |  5.1
Spellcasting   | 3 4 5 7 9 10 | 10.7
Fighting       | 1 2 3 |  3.6
Hexes          | 2 3 4 5 6 |  6.8
Dodging        | 3 4 |  4.3
Evocations     | 1 2 |  2.2
Shields        | 1 3 4 |  4.3
Transmutations | 1 |  1.8
Long Blades    | 1 |  1.1
Fire Magic     | 1 2 |  2.3
Ice Magic      | 1 |  1.1

Action                   |  1- 3 |  4- 6 |  7- 9 | 10-12 || total
-------------------------+-------+-------+-------+-------++-------
Melee: Unarmed           |     7 |       |       |       ||     7
       Tentacles         |    11 |    13 |    38 |    55 ||   117
       Short sword       |    31 |    24 |       |       ||    55
       Constrict         |    10 |    14 |    30 |    40 ||    94
       Dagger            |       |    29 |   195 |   243 ||   467
       Scimitar          |       |       |       |    13 ||    13
 Cast: Sting             |    41 |    47 |    46 |    43 ||   177
       Olgreb's Toxic Ra |       |    10 |    41 |    92 ||   143
       Confuse           |       |       |    25 |    40 ||    65
       Ensorcelled Hiber |       |       |     2 |       ||     2
       Dazzling Spray    |       |       |    13 |    34 ||    47
       Tukima's Dance    |       |       |     5 |    21 ||    26
       Flame Tongue      |       |       |     3 |    12 ||    15
       Ignite Poison     |       |       |       |    52 ||    52
       Throw Icicle      |       |       |       |    28 ||    28
       Venom Bolt        |       |       |       |     6 ||     6
Evoke: Wand              |       |       |     6 |    25 ||    31
  Use: Scroll            |     2 |       |    12 |    17 ||    31
       Potion            |       |     2 |    10 |     6 ||    18
 Stab: Sleeping          |     4 |     5 |     6 |     9 ||    24
       Confused          |       |       |    12 |    12 ||    24
       Distracted        |       |       |       |     1 ||     1
       Invisible         |       |       |       |     2 ||     2
  Eat: Chunk             |     1 |    10 |    21 |    28 ||    60
       Royal jelly       |       |       |     1 |       ||     1
       Pizza             |       |       |     1 |       ||     1
       Beef jerky        |       |       |     1 |     3 ||     4
       Meat ration       |       |       |       |     1 ||     1
Armor: Skin              |     3 |     5 |    21 |    20 ||    49
Dodge: Dodged            |    23 |    39 |   109 |   115 ||   286
Block: Buckler           |       |       |       |    79 ||    79
       Rpst.: Scimitar   |       |       |       |     4 ||     4
